 Dungeon Crawl Stone Soup version 0.16.1-18-g436b03c (webtiles) character file.

950 masdan the Magician (level 7, 0/36 HPs)
             Began as a Deep Elf Summoner on Apr 27, 2015.
             Was a Believer of Yredelemnul.
             Shot with an arrow by a centaur (12 damage)
             ... on level 8 of the Dungeon.
             The game lasted 01:07:59 (10031 turns).

masdan the Magician (Deep Elf Summoner)            Turns: 10031, Time: 01:08:01

Health: 0/36       AC:  0    Str:  5    XL:     7   Next: 90%
Magic:  17/25      EV: 13    Int: 25    God:    Yredelemnul [**....]
Gold:   429        SH:  0    Dex: 19    Spells: 7 memorised, 1 level left

rFire  x . .     SeeInvis .     (no weapon)
rCold  . . .     Clarity  .     n - -3 robe "Buwnuiwnu" {rPois rF- MR++ Int+3 Dex+4} (curse)
rNeg   . . .     SustAb   .     (no shield)
rPois  +         Gourm    .     (no helmet)
rElec  .         Spirit   .     (no cloak)
rCorr  .         Warding  .     w - +0 pair of gloves
rMut   .         Stasis   .     (no boots)
MR     ++...                    (no amulet)
Stlth  ++........               (no ring)
                                (no ring)

@: very slightly contaminated, very resistant to hostile enchantments,
unstealthy
A: no striking features
a: Animate Remains, Recall Undead Slaves, Injury Mirror, Renounce Religion


You were on level 8 of the Dungeon.
You worshipped Yredelemnul.
Yredelemnul was pleased with you.
You were not hungry.

You visited 1 branch of the dungeon, and saw 8 of its levels.

You collected 485 gold pieces.
You spent 56 gold pieces at shops.

Inventory:

Hand weapons
 h - a +0 short sword
 m - a +1 whip of distortion
 s - the +3 giant club "Skullcrusher" {speed, Str+7}
   (You found it on level 6 of the Dungeon)

   Attacks with this weapon are significantly faster.
   It affects your strength (+7).
 u - a +0 giant spiked club
 O - a +1 spear of piercing
Missiles
 c - 2 tomahawks of returning
 o - 98 stones (quivered)
 J - 8 javelins
Armour
 i - a +0 buckler
 n - the cursed -3 robe "Buwnuiwnu" (worn) {rPois rF- MR++ Int+3 Dex+4}
   (You found it on level 6 of the Dungeon)

   It affects your intelligence (+3).
   It affects your dexterity (+4).
   It makes you vulnerable to fire.
   It protects you from poison.
   It affects your resistance to hostile enchantments.
   It has a curse placed upon it.
 w - a +0 pair of gloves (worn)
 V - a +0 plate armour
Magical staves
 G - an uncursed staff of energy {unknown}
Jewellery
 Y - an uncursed ring of protection from fire {unknown}
 Z - an uncursed ring of flight {unknown}
Magical devices
 l - a wand of confusion (30)
 A - a wand of slowing (13)
 T - a wand of slowing (22)
Scrolls
 d - 8 scrolls of identify
 e - 3 scrolls of random uselessness
 f - 3 scrolls of remove curse
 j - a scroll of fog
 q - 2 scrolls of noise
 y - 4 scrolls of teleportation
 U - a scroll of enchant armour {unknown}
Potions
 g - 3 potions of magic {unknown}
 k - 3 potions of poison {unknown}
 r - a potion of degeneration {unknown}
 t - a potion of restore abilities {unknown}
 v - 2 potions of brilliance {unknown}
 B - a potion of berserk rage {unknown}
 K - 6 potions of curing {unknown}
 L - a potion of invisibility {unknown}
 N - a potion of resistance {unknown}
Books
 b - a book of Callings

   Spells                             Type                      Level
   a - Summon Small Mammal            Summoning                    1
   b - Call Imp                       Summoning                    2
   c - Call Canine Familiar           Summoning                    3
   d - Summon Guardian Golem          Hexes/Summoning              4
   e - Summon Lightning Spire         Summoning/Air                4
   f - Summon Ice Beast               Ice/Summoning                4
 x - Sif Muna's Papyrus of Attacks
   (You found it on level 3 of the Dungeon)

   Spells                             Type                      Level
   a - Magic Dart                     Conjuration                  1
 z - Kikubaaqudgha's Collected Works on Dark Rites
   (You found it on level 3 of the Dungeon)

   Spells                             Type                      Level
   a - Animate Skeleton               Necromancy                   1
 C - Vehumet's Disquisition on Attacks
   (You found it on level 3 of the Dungeon)

   Spells                             Type                      Level
   a - Magic Dart                     Conjuration                  1
Comestibles
 F - 4 meat rations
 S - a beef jerky
 W - a fruit


   Skills:
 - Level 2.7 Dodging
 - Level 2.4 Stealth
 - Level 7.0 Spellcasting
 - Level 2.9 Conjurations
 * Level 4.6 Hexes
 - Level 5.3 Summonings
 - Level 4.0 Ice Magic
 * Level 3.0 Air Magic


You had one spell level left.
You knew the following spells:

 Your Spells              Type           Power        Failure   Level  Hunger
a - Summon Small Mammal   Summ           ####         1%          1    None
b - Call Imp              Summ           #####...     1%          2    None
c - Call Canine Familiar  Summ           #####...     1%          3    None
d - Summon Ice Beast      Ice/Summ       ####....     12%         4    ###....
e - Magic Dart            Conj           ###.         1%          1    None
f - Summon Guardian Gole  Hex/Summ       ####....     12%         4    ###....
g - Summon Lightning Spi  Summ/Air       ####....     14%         4    ###....


Dungeon Overview and Level Annotations

Branches:
Dungeon (8/15)             Temple (0/1) D:4
   Lair: D:8-11

Altars:
Cheibriados
Dithmenos
Fedhas
Gozag
Kikubaaqudgha
Sif Muna
Vehumet
Xom
Yredelemnul
The Shining One

Shops:
D:7 ?(*


Message History

The centaur shouts!
The centaur wields a shortbow.
The centaur shoots an arrow.
The arrow hits you!
Found a stone staircase leading down.
Casting: Call Imp
Confirm with . or Enter, or press ? or * to list all spells.
Aiming: Summon Lightning Spire
Press: ? - help, Dir - move target cursor, f - wolf
Aim: a wolf (friendly, summoned)
Okay, then.
Casting: Summon Lightning Spire
Confirm with . or Enter, or press ? or * to list all spells.
A guardian golem appears, shielding your allies.
Casting: Summon Guardian Golem
Confirm with . or Enter, or press ? or * to list all spells.
You miscast Summon Ice Beast.
You are very lightly contaminated with residual magic.
Your brain hurts!
The centaur shoots an arrow.
The arrow hits you!
The centaur shoots an arrow.
The arrow hits you!
You die...
Your body rises from the dead as a mindless zombie.

...####....##.###...##...#
............).....)......#
........####)#####...#####
##...##......## #####
####..........##
..........###..#
#####.##### #).### ###
......## ##5.h#8..##
#####..### ###@.....# #
##h.h### #.......c.# #
###...## #>........ #
###..# ###.....## ##.#
#...## ######### #.#####
#### ..[.....###h....#
#######.h...###.# #####.#


You could see a centaur, a friendly guardian golem, a friendly wolf and a
friendly crimson imp.

Vanquished Creatures
  2 orcs (D:8)
  A bat (D:1)
  A hobgoblin (D:4)
  2 kobolds
  2 rats
8 creatures vanquished.

Vanquished Creatures (collateral kills)
  A hungry ghost (D:7)
  A hippogriff (D:7)
  An orc warrior (D:8)
  A black bear (D:8)
  An ice beast (D:7)
  2 ogres
  A centaur (D:7)
  A crocodile (D:7)
  Blork the orc (D:6)
  2 giant frogs
  A gnoll sergeant (D:8)
  2 scorpions (D:7)
  A crimson imp (D:5)
  A giant frog skeleton (D:7)
  A giant frog zombie (D:6)
  3 hounds
  An orc priest (D:8)
  An orc wizard (D:5)
  5 worker ants
  2 hound skeletons
  2 hound zombies
  Robin (D:3)
  4 gnolls (D:8)
  A worker ant zombie (D:7)
  11 adders
  3 giant mites
  2 shadow imps (D:7)
  A worm (D:4)
  4 giant geckos
  15 orcs
  A bat zombie (D:7)
  3 giant cockroaches
  19 goblins
  10 hobgoblins
  2 jackals (D:2)
  11 kobolds
  A quokka (D:6)
  A ball python (D:7)
  A ball python skeleton (D:4)
  12 bats
  5 giant newts
  9 rats
  A plant (D:6)
150 creatures vanquished.

Vanquished Creatures (others)
  2 guardian golems
  2 ice beasts
  2 crimson imps
  6 hounds
  2 shadow imps
  6 white imps
  A bat (D:1)
  8 quokkas
  6 rats (D:1)
35 creatures vanquished.

Grand Total: 193 creatures vanquished

Notes
Turn   | Place    | Note
--------------------------------------------------------------
     0 | D:1      | masdan, the Deep Elf Summoner, began the quest for the Orb.
     0 | D:1      | Reached XP level 1. HP: 10/10 MP: 5/5
   736 | D:1      | Reached XP level 2. HP: 7/15 MP: 4/8
  1095 | D:1      | Learned a level 2 spell: Call Imp
  2087 | D:2      | Reached XP level 3. HP: 17/19 MP: 12/12
  2118 | D:2      | Learned a level 3 spell: Call Canine Familiar
  2542 | D:2      | Reached skill level 5 in Summonings
  3129 | D:2      | Found a shadowy altar of Dithmenos.
  4037 | D:3      | Found a deep blue altar of Sif Muna.
  4037 | D:3      | Noticed Robin
  4125 | D:3      | Killed Robin
  4125 | D:3      | Reached XP level 4. HP: 18/24 MP: 5/15
  4200 | D:3      | Found an ancient bone altar of Kikubaaqudgha.
  4205 | D:3      | Identified Sif Muna's Papyrus of Attacks
  4213 | D:3      | Identified Kikubaaqudgha's Collected Works on Dark Rites
  4219 | D:3      | Found a radiant altar of Vehumet.
  4223 | D:3      | Identified Vehumet's Disquisition on Attacks
  4247 | D:3      | Learned a level 4 spell: Summon Ice Beast
  4379 | D:3      | Found a basalt altar of Yredelemnul.
  4471 | D:3      | Became a worshipper of Yredelemnul the Dark
  4571 | D:3      | Noticed an ogre
  4583 | D:3      | Killed an ogre
  5376 | D:4      | Reached XP level 5. HP: 28/28 MP: 3/18
  5582 | D:4      | Found an opulent altar of Gozag.
  5980 | D:4      | Acquired Yredelemnul's first power
  6018 | D:4      | Learned a level 1 spell: Magic Dart
  6080 | D:4      | Found a staircase to the Ecumenical Temple.
  6211 | D:4      | Noticed an ogre
  6227 | D:4      | Killed an ogre
  6227 | D:4      | Reached skill level 1 in Conjurations
  6676 | D:5      | Entered Level 5 of the Dungeon
  6821 | D:5      | Reached XP level 6. HP: 16/32 MP: 14/20
  7389 | D:6      | Noticed Blork the orc
  7404 | D:6      | Killed Blork the orc
  7404 | D:6      | Reached skill level 5 in Spellcasting
  7515 | D:6      | Got a silken robe
  7518 | D:6      | Identified the cursed -3 robe "Buwnuiwnu" {rPois rF- MR++ Int+3 Dex+4} (You found it on level 6 of the Dungeon)
  7928 | D:6      | Found a blossoming altar of Fedhas.
  8126 | D:6      | Found a glowing golden altar of the Shining One.
  8375 | D:7      | Found Etelios' Weapon Boutique.
  8401 | D:7      | Bought a +0 quarterstaff for 56 gold pieces
  8407 | D:7      | Learned a level 4 spell: Summon Guardian Golem
  8470 | D:7      | Reached skill level 6 in Spellcasting
  8571 | D:7      | Found Jolaxus' Magic Scroll Boutique.
  8655 | D:7      | Found Maanaar's Assorted Antiques.
  8655 | D:7      | Noticed a hippogriff
  8666 | D:7      | Killed a hippogriff
  8666 | D:7      | Reached skill level 7 in Spellcasting
  8666 | D:7      | Reached XP level 7. HP: 36/36 MP: 8/25
  8681 | D:7      | Learned a level 4 spell: Summon Lightning Spire
  8805 | D:7      | Reached skill level 1 in Hexes
  8962 | D:7      | Reached skill level 1 in Air Magic
  9144 | D:7      | Noticed a hungry ghost
  9177 | D:7      | Killed a hungry ghost
  9703 | D:8      | Found a shimmering altar of Xom.
  9704 | D:8      | Found a snail-covered altar of Cheibriados.
  9755 | D:8      | Acquired Yredelemnul's second power
 10031 | D:8      | Shot with an arrow by a centaur

Action                   |  1- 3 |  4- 6 |  7- 9 || total
-------------------------+-------+-------+-------++-------
Melee: Unarmed           |    10 |       |       ||    10
       Short sword       |    11 |     8 |       ||    19
 Cast: Summon Small Mamm |    37 |     1 |     1 ||    39
       Call Imp          |    31 |    32 |    11 ||    74
       Call Canine Famil |    11 |    18 |     4 ||    33
       Summon Ice Beast  |       |    37 |    15 ||    52
       Magic Dart        |       |     9 |     6 ||    15
       Summon Guardian G |       |     4 |     4 ||     8
       Summon Lightning  |       |       |     6 ||     6
  Use: Scroll            |       |    12 |       ||    12
 Stab: Distracted        |     1 |       |       ||     1
       Sleeping          |       |     1 |       ||     1
  Eat: Bread ration      |     1 |     4 |     1 ||     6
       Chunk             |     3 |     3 |     2 ||     8
       Meat ration       |     1 |       |       ||     1
       Beef jerky        |     1 |       |       ||     1
